 Dungeon Crawl Stone Soup version 0.30-a0-782-ge64f9170bb (webtiles) character file.

Game seed: 16688867428310012586

760 Wiebster665 the Magician (level 8, -1/54 HPs)
             Began as a Djinni Fire Elementalist on Feb 26, 2023.
             Slain by an ice beast (3 damage)
             ... on level 6 of the Dungeon.
             The game lasted 00:11:20 (3745 turns).

Wiebster665 the Magician (Djinni Fire Elementalist) Turns: 3745, Time: 00:11:20

Health: -1/54      AC:  3    Str:  7    XL:     8   Next: 8%
Gold:   176        EV: 13    Int: 21    God:
                   SH:  0    Dex: 15

rFire   + + .      SeeInvis .    a - +0 dagger
rCold   x . .      Faith    .    (no shield)
rNeg    . . .      Spirit   .    e - +0 robe
rPois   ∞          Reflect  .    (no helmet)
rElec   .          Harm     .    (no cloak)
rCorr   .          Rampage  .    w - +0 pair of gloves of Neuz {rPois Will+ Int+3 Stlth+}
Will    +....                    (boots unavailable)
Stlth   +++                      (no amulet)
HPRegen 0.29/turn                (no ring)
MPRegen 0.00/turn                (no ring)

@: flying, very slightly contaminated
A: sickness immunity, fire resistance 2, cold vulnerability 1, float, innate
caster, HP casting, extra vitality 1
a: no special abilities


You were on level 6 of the Dungeon.
You visited 1 branch of the dungeon, and saw 6 of its levels.

You collected 176 gold pieces.

Inventory:

Hand Weapons
 a - a +0 dagger (weapon)
Missiles
 c - 17 poisoned darts
 q - a throwing net
 t - 2 atropa-tipped darts
Armour
 e - a +0 robe (worn)
 w - the +0 pair of gloves of Neuz (worn) {rPois Will+ Int+3 Stlth+}
   (You found it on level 4 of the Dungeon)

   Int:       It affects your intelligence (+3).
   rPois:     It protects you from poison.
   Will:      It increases your willpower.
   Stlth:     It makes you more stealthy.
Jewellery
 g - a ring of fire
 s - a ring of fire
Wands
 E - a wand of iceblast (10)
 F - a wand of polymorph (8)
Scrolls
 f - 2 scrolls of enchant weapon {unknown}
 i - a scroll of teleportation {unknown}
 l - a scroll of amnesia {unknown}
 m - 2 scrolls of poison {unknown}
 n - 2 scrolls of immolation {unknown}
 p - 3 scrolls of identify {unknown}
 u - a scroll of butterflies {unknown}
 x - a scroll of silence {unknown}
 y - a scroll of blinking {unknown}
 z - a scroll of magic mapping {unknown}
 C - a scroll of fear {unknown}
 D - a scroll of fog {unknown}
Potions
 b - 4 potions of might {unknown}
 d - a potion of haste {unknown}
 h - 2 potions of flight {unknown}
 j - 2 potions of curing {unknown}
 k - a potion of degeneration {unknown}
 o - a potion of heal wounds {unknown}
 r - a potion of mutation {unknown}
 v - 2 potions of cancellation {unknown}
 A - a potion of lignification {unknown}
 B - 2 potions of attraction {unknown}
 G - a potion of ambrosia {unknown}


   Skills:
 * Level 2.0 Fighting
 * Level 1.8 Short Blades
 * Level 3.5 Dodging
 * Level 2.6 Stealth
 * Level 5.7 Spellcasting


You couldn't memorise any spells.
You knew the following spells:

 Your Spells              Type           Power      Damage    Failure   Level
a - Foxfire               Conj/Fire      100%       2x1d9     1%          1
b - Scorch                Fire           60%        2d8       1%          2
c - Kindle Blastsparks    Fire/Tloc/Air  60%        2d15      2%          3
d - Inner Flame           Hex/Fire       30%        N/A       2%          3
e - Flame Wave            Conj/Fire      30%        2d9       10%         4
f - Kiss of Death         Conj/Necr      100%       2d13      1%          1
g - Call Imp              Summ           30%        N/A       1%          2
h - Call Canine Familiar  Summ           30%        N/A       2%          3
Your spell library was empty.

Dungeon Overview and Level Annotations

Branches:
Dungeon (6/15)
 Temple: D:4-7

Altars:
Nemelex Xobeh

Annotations:
D:5 Pikel


Innate Abilities, Weirdness & Mutations

You are immune to sickness and miasma.
You are immune to poison.
Your flesh is very heat resistant. (rF++)
You are vulnerable to cold. (rC-)
You float through the air rather than walking.
You learn spells naturally, not from books.
Your magical power is your life essence.
You have superior vitality. (+4 MHP)


Message History

Casting: Foxfire (safe; 1% risk of failure)
Confirm with . or Enter, or press ? or * to list all spells.
Flames lash the ufetubus.
The ufetubus is burned terribly!
You kill the ufetubus!
You hear an angry hiss.
The ufetubus closely misses you. The ufetubus barely misses you.
Casting: Scorch (safe; 1% risk of failure)
Confirm with . or Enter, or press ? or * to list all spells.
Flames lash the ufetubus.
The ufetubus is burned terribly!
You kill the ufetubus!
A water moccasin comes into view.
The ice beast hits you but does no damage.
Casting: Scorch (safe; 1% risk of failure)
Confirm with . or Enter, or press ? or * to list all spells.
Flames lash the ice beast.
The ice beast melts!
The ice beast is heavily wounded.
The ice beast's fire resistance burns away.
The ice beast closely misses you.
Casting: Scorch (safe; 1% risk of failure)
Confirm with . or Enter, or press ? or * to list all spells.
Flames lash the ice beast.
The ice beast melts!
The ice beast is almost dead.
The ice beast barely misses you.
Casting: Scorch (safe; 1% risk of failure)
Confirm with . or Enter, or press ? or * to list all spells.
Flames lash the water moccasin.
The water moccasin is moderately wounded.
The water moccasin's fire resistance burns away.
The ice beast hits you. The ice beast freezes you!!
You feel a terrible chill!
* * * LOW HITPOINT WARNING * * *
Casting: Scorch (safe; 1% risk of failure)
Confirm with . or Enter, or press ? or * to list all spells.
You miscast Scorch.
You are very lightly contaminated with residual magic.
Nothing appears to happen.
* * * LOW HITPOINT WARNING * * *
The water moccasin bites you!
* * * LOW HITPOINT WARNING * * *
The ice beast hits you.
You die...

##<####
#...Y@#
#...#S#
#.. #.#
#. #.#
# #..
... ...
...#


You could see a water moccasin (combustible) and an ice beast (combustible).

Vanquished Creatures
  3 ogres
  A phantom (D:5)
  Blork the orc (D:5)
  A scorpion (D:4)
  An orc priest (D:4)
  A hound (D:5)
  An iguana (D:6)
  An orc wizard (D:4)
  A mummy (D:4)
  5 gnolls (D:4)
  4 adders
  2 ufetubi (D:6)
  A dart slug (D:4)
  8 orcs
  7 bats
  5 endoplasms
  2 giant cockroaches
  4 hobgoblins
  11 kobolds
  2 quokkas
  4 ball pythons
  18 goblins
  3 rats
87 creatures vanquished.

Vanquished Creatures (others)
  266 foxfires
266 creatures vanquished.

Grand Total: 353 creatures vanquished

Notes
Turn   | Place    | Note
-------+----------+-------------------------------------------
     0 | D:1      | Wiebster665 the Djinni Fire Elementalist began the quest
                  | for the Orb.
     0 | D:1      | Wiebster665 set off with the following spells memorised:
                  | Foxfire, Scorch, Kindle Blastsparks, Inner Flame, Flame
                  | Wave.
     0 | D:1      | Reached XP level 1. HP: 15/15 MP: 0/0
   107 | D:1      | Found a faded altar of an unknown god.
   194 | D:1      | Reached XP level 2. HP: 12/21 MP: 0/0
   740 | D:2      | Reached skill level 3 in Spellcasting
   777 | D:2      | Reached XP level 3. HP: 24/25 MP: 0/0
   777 | D:2      | Learned a level 1 spell: Kiss of Death
  1434 | D:3      | You are sucked into a shaft and drop 1 floor!
  1471 | D:4      | Reached XP level 4. HP: 11/31 MP: 0/0
  1473 | D:4      | Reached XP level 5. HP: 9/36 MP: 0/0
  1473 | D:4      | Learned a level 2 spell: Call Imp
  1836 | D:4      | Found a sparkling altar of Nemelex Xobeh.
  2202 | D:4      | Reached skill level 4 in Spellcasting
  2525 | D:4      | Reached skill level 1 in Fighting
  2529 | D:4      | Reached XP level 6. HP: 37/42 MP: 0/0
  2580 | D:4      | Reached skill level 1 in Short Blades
  2595 | D:4      | Identified the +0 pair of gloves of Neuz {rPois Will+ Int+3
                  | Stlth+}
  3019 | D:3      | Noticed an ogre
  3029 | D:3      | Killed an ogre
  3265 | D:3      | Reached XP level 7. HP: 46/47 MP: 0/0
  3265 | D:3      | Learned a level 3 spell: Call Canine Familiar
  3519 | D:5      | Entered Level 5 of the Dungeon
  3540 | D:5      | Noticed Blork the orc
  3547 | D:5      | Killed Blork the orc
  3548 | D:5      | Reached skill level 5 in Spellcasting
  3724 | D:5      | Noticed Pikel
  3726 | D:5      | Reached XP level 8. HP: 47/54 MP: 0/0
  3745 | D:6      | HP: 2/54 [water moccasin (8)]
  3745 | D:6      | Slain by an ice beast

Illustrated notes

Levels and vault maps discovered:
D:1:      amcnicky_arrival_wind_blow, layout_loops_ring, basic_ecumenical_altar
D:2:      layout_basic
D:3:      layout_basic, nicolae_hexahallways, chequers_serial_rivers_small_a
D:4:      corexii_shantytown, layout_basic, mainiacjoe_overflow_divided_tiny,
          gup_ossuary_entry_pyramid
D:5:      layout_cave_pools, gammafunk_ghost_stat_death, kennysheep_minor_cross,
          uniq_blork_the_orc, uniq_pikel
D:6:      layout_basic, minmay_temple_entry_sparse_star, serial_shops,
          nicolae_shop_window_shopping, hellmonk_bongcloud_opening,
          serial_bayou_ford_a, st_stairs_6, grunt_ministairs_11,
          minmay_shop_mayhem, lemuel_flamethrower_2

Skill      XL: |  1  2  3  4  5  6  7 |
---------------+----------------------+-----
Spellcasting   | 3 4 5 |  5.7
Stealth        | 2 |  2.6
Fighting       | 1 2 |  2.0
Short Blades   | 1 |  1.8
Dodging        | 3 |  3.5

Action                     |  1- 3 |  4- 6 |  7- 9 || total
---------------------------+-------+-------+-------++-------
  Melee: Unarmed           |     1 |       |       ||     1
         Dagger            |     1 |     5 |       ||     6
   Cast: Foxfire           |    61 |    59 |    32 ||   152
         Scorch            |     1 |    18 |     6 ||    25
 Armour: Robe              |     1 |     3 |     1 ||     5
  Dodge: Dodged            |     8 |    18 |     6 ||    32

Table legend: (Time is in decaauts)
 A = Elapsed time spent in this place.
 B = Non-inter-level travel time spent in this place.
 C = Inter-level travel time spent in this place.
 D = Time resting spent in this place.
 E = Time spent auto-exploring this place.
 F = Levels seen in this place.
 G = Mean time per level.
                   A        B        C        D        E       F      G
               +--------+--------+--------+--------+--------+-----+--------+
         Total |   3742 |   3651 |     91 |      2 |   3106 |   6 |  623.7 |
       Dungeon |   3742 |   3651 |     91 |      2 |   3106 |   6 |  623.7 |
               +--------+--------+--------+--------+--------+-----+--------+

Top non-repeatable levels by time:
     D:4: 1352 daAuts
     D:3: 793 daAuts
     D:1: 713 daAuts
     D:2: 657 daAuts
     D:5: 213 daAuts
     D:6: 11 daAuts
